 Dungeon Crawl Stone Soup version 0.21.1-1-g345015f (webtiles) character file.

5965 suicidejoker the Covert (level 10, -3/65 HPs)
             Began as an Octopode Assassin on Apr 25, 2018.
             Was an Initiate of Gozag.
             Slain by a killer bee (8 damage)
             ... on level 8 of the Dungeon on Apr 26, 2018.
             The game lasted 00:34:32 (12180 turns).

suicidejoker the Covert (Octopode Assassin)        Turns: 12180, Time: 00:34:36

Health: -3/65      AC:  3    Str: 17    XL:     10   Next: 84%
Magic:  26/26      EV: 21    Int: 13    God:    Gozag
Gold:   360        SH:  0    Dex: 20    Spells: 15/19 levels left

rFire    x . .     SeeInvis +   a - +8 whip of the Sun {flame, Str+4}
rCold    + . .     Gourm    .   (no shield)
rNeg     . . .     Faith    .   z - +2 hat
rPois    .         Spirit   .   (no amulet)
rElec    .         Reflect  .   r - ring of see invisible
rCorr    .         Harm     .   B - ring of magical power
MR       .....                  x - ring of ice
Stlth    ++++++++..             (no ring)
HPRegen  0.20/turn              (no ring)
MPRegen  0.20/turn              (no ring)
                                (no ring)
                                (no ring)

@: agile, lethally poisoned (-3 -> -26), flying, hasted, very quick
A: almost no armour, stealthy swim, amphibious, 8 rings, constrict 8, camouflage
1, gelatinous body 1
a: Potion Petition, Call Merchant, Bribe Branch, Renounce Religion


You were on level 8 of the Dungeon.
You worshipped Gozag.
Gozag was aware of your devotion.
You were not hungry.

You visited 1 branch of the dungeon, and saw 10 of its levels.
You also visited: Sewer.

You collected 1252 gold pieces.
You spent 192 gold pieces at shops.
You paid 700 gold pieces to Gozag.

Inventory:

Hand Weapons
 a - the +8 whip of the Sun (weapon) {flame, Str+4}
   (You found it on level 9 of the Dungeon)

   It has been specially enchanted to burn those struck by it, causing extra
   injury to most foes and up to half again as much damage against particularly
   susceptible opponents.
   It affects your strength (+4).
 b - a +2 shortbow of velocity
 e - a +0 blowgun
 l - a +1 great sword
 p - a +3 dire flail
 w - a +3 dagger
 A - a +1 dagger of chaos
Missiles
 c - 41 poisoned needles
 d - 2 curare-tipped needles
 h - 412 stones (quivered)
 i - 41 sling bullets
 s - 160 arrows
 t - 101 bolts
 E - 8 needles of confusion
 F - a throwing net
Armour
 z - a +2 hat (worn)
Jewellery
 r - a ring of see invisible (left tentacle)
 x - a ring of ice (on tentacle)
 B - a ring of magical power (right tentacle)
 G - an uncursed amulet of harm {unknown}
Wands
 k - a wand of iceblast (12)
 o - a wand of flame (6)
 C - a wand of acid (1)
 D - a wand of paralysis (13)
Scrolls
 g - 5 scrolls of remove curse
 j - 2 scrolls of identify
 n - 3 scrolls of magic mapping
 v - 2 scrolls of amnesia
 y - 2 scrolls of enchant armour
Potions
 q - 2 potions of cancellation
Books
 u - a book of Ice

   Spells                             Type                      Level
   a - Ice Form                       Ice/Transmutation            4
   b - Metabolic Englaciation         Hexes/Ice                    5
   c - Ozocubu's Refrigeration        Ice                          6
   d - Bolt of Cold                   Conjuration/Ice              6
   e - Freezing Cloud                 Conjuration/Ice/Air          6
   f - Simulacrum                     Ice/Necromancy               6
Comestibles
 f - 14 rations


   Skills:
 + Level 4.4 Fighting
 - Level 3.7 Short Blades
 * Level 2.9 Maces & Flails
 * Level 3.7 Bows
 - Level 2.0 Throwing
 + Level 4.0 Dodging
 + Level 13.5 Stealth
 - Level 4.5 Unarmed Combat
 * Level 5.1 Spellcasting
 + Level 3.5 Transmutations
 + Level 3.4 Ice Magic
 + Level 4.1 Evocations


You had 15 spell levels left.
You knew the following spells:

 Your Spells              Type           Power        Failure   Level  Hunger
a - Ice Form              Ice/Tmut       ###.....     41%         4    ####...


Dungeon Overview and Level Annotations

Branches:
Dungeon (10/15)            Temple (0/1) D:7
   Lair: D:8-11         Orc: D:9-12

Altars:
Dithmenos
Elyvilon
Gozag
Kikubaaqudgha
Makhleb
Trog
Vehumet
Wu Jian
Xom
The Shining One

Shops:
D:4 !   D:5 =   D:8 ?

Annotations:
D:8 minmale's ghost, novice MiBe


Innate Abilities, Weirdness & Mutations

You cannot wear most types of armour.
You are very stealthy in the water. (Stealth+)
You are amphibious.
You can wear up to eight rings at the same time.
You can use your tentacles to constrict eight enemies at once.
Your skin changes colour to match your surroundings (Stealth+).
Your rubbery body absorbs attacks. (AC +1, EV +1)


Message History

The killer bee closely misses you. The killer bee stings you!
* * * LOW HITPOINT WARNING * * *
The killer bee stings you.
* * * LOW HITPOINT WARNING * * *
Okay, then.
Okay, then.
Okay, then.
Okay, then. [a] 711 gold - Uwaarr's Food Shop [b] 571 gold - Pippych's Magic Scroll Boutique [c] 746 gold - Pant's General Store [d] 463 gold - Demogg's Distillery Fund which merchant?
You no longer have enough gold to petition Gozag for potion effects.
You no longer have enough gold to fund merchants seeking to open stores in the dungeon.
Pippych invites you to visit its Magic Scroll Boutique.
* * * LOW HITPOINT WARNING * * *
You feel sick. The killer bee completely misses you. The killer bee stings you!
You die...
Your body crumbles into a pile of gold. # ####### # ########## .....# #### #........# .....# . #... #........# ....###.. ##... #........# .......p. ..... ###........#######..$.....
F.... .#..............yyO........ cs...

..>.........)...@yy(((.....
....#
####........#######.(......
. #........# #.....(..
#.......)# #......<.
#........# #.......O
########## #........ #...#
#........ #...# #########
#...#


You could see an ogre and 4 killer bees.

Vanquished Creatures
  The ghost of minmale the Cleaver, a novice FoFi of Hepliaklqana (D:9)
  Pikel (D:9)
  A hippogriff (D:8)
  Sigmund (D:4)
  A human (D:7)
  4 hogs (D:7)
  A wraith (D:10)
  Duvessa (D:4)
  2 sky beasts
  A phantom (D:8)
  An ice beast (D:7)
  2 orc warriors (D:10)
  2 ogres
  2 centaurs
  2 necrophages
  3 big kobolds
  A crocodile (Sewer)
  4 bullfrogs
  Dowan (D:4)
  A wyvern zombie (D:8)
  3 scorpions
  4 wights (D:8)
  4 killer bees (D:8)
  A howler monkey (D:4)
  4 crimson imps
  A bullfrog zombie (D:10)
  5 hounds
  2 quasits
  3 orc priests
  A centaur skeleton (D:6)
  3 bullfrog skeletons
  2 iguanas
  Ijyb (D:4)
  5 orc wizards
  8 worker ants
  A hound skeleton (D:7)
  A hound zombie (D:7)
  A worker ant zombie (D:6)
  7 gnolls
  A howler monkey skeleton (D:4)
  12 adders
  A shadow imp (D:10)
  An adder zombie (D:6)
  An ooze (D:1)
  2 adder skeletons
  2 dart slugs (D:2)
  2 leopard geckos
  20 orcs
  14 bats
  6 giant cockroaches
  3 hobgoblins
  8 jackals
  3 quokkas
  4 ball pythons
  5 frilled lizards
  7 goblins
  18 kobolds
  A quokka skeleton (D:7)
  9 rats
210 creatures vanquished.

Vanquished Creatures (others)
  A slave (D:8)
  A phantom (D:8)
  An ogre (D:8)
3 creatures vanquished.

Grand Total: 213 creatures vanquished

Notes
Turn   | Place    | Note
-------+----------+-------------------------------------------
     0 | D:1      | suicidejoker the Octopode Assassin began the quest for the Orb.
     0 | D:1      | Reached XP level 1. HP: 14/14 MP: 1/1
   113 | D:1      | Reached skill level 6 in Stealth
   113 | D:1      | Reached XP level 2. HP: 15/19 MP: 2/2
   449 | D:1      | Reached XP level 3. HP: 19/24 MP: 3/3
  1018 | D:2      | Reached skill level 7 in Stealth
  1241 | D:2      | Reached XP level 4. HP: 29/29 MP: 4/4
  1276 | D:2      | Reached skill level 8 in Stealth
  2116 | D:3      | Found a glowing drain.
  2347 | Sewer    | Entered a sewer
  2366 | Sewer    | Reached XP level 5. HP: 34/34 MP: 5/5
  2375 | Sewer    | Noticed a crocodile
  2390 | Sewer    | Killed a crocodile
  2390 | Sewer    | Reached skill level 9 in Stealth
  2991 | D:4      | Found Juelasi's Distillery.
  3000 | D:4      | Reached skill level 10 in Stealth
  3000 | D:4      | Reached XP level 6. HP: 15/39 MP: 6/6
  3044 | D:4      | Noticed Ijyb
  3053 | D:4      | Killed Ijyb
  3149 | D:4      | Noticed Duvessa
  3149 | D:4      | Noticed Dowan
  3264 | D:5      | Entered Level 5 of the Dungeon
  3429 | D:5      | Found a radiant altar of Vehumet.
  3441 | D:5      | Reached skill level 11 in Stealth
  3534 | D:5      | Reached XP level 7. HP: 42/45 MP: 7/7
  3697 | D:5      | Found Hedec's Jewellery Boutique.
  4174 | D:4      | Noticed Sigmund
  4184 | D:4      | Killed Sigmund
  4184 | D:4      | Reached skill level 12 in Stealth
  4385 | D:4      | Bought a potion of degeneration for 12 gold pieces
  4385 | D:4      | Bought a potion of lignification for 36 gold pieces
  4386 | D:4      | Bought a potion of curing for 36 gold pieces
  4386 | D:4      | Bought a potion of curing for 36 gold pieces
  4386 | D:4      | Bought a potion of curing for 36 gold pieces
  4386 | D:4      | Bought a potion of curing for 36 gold pieces
  4424 | D:4      | Killed Duvessa
  4424 | D:4      | Reached XP level 8. HP: 13/50 MP: 7/9
  4428 | D:4      | Killed Dowan
  4428 | D:4      | Reached skill level 1 in Unarmed Combat
  4428 | D:4      | Reached skill level 1 in Spellcasting
  4874 | D:4      | Found a glowing golden altar of the Shining One.
  4874 | D:4      | Found a shadowy altar of Dithmenos.
  4879 | D:4      | Found a bloodstained altar of Trog.
  4881 | D:4      | Found an ancient bone altar of Kikubaaqudgha.
  4882 | D:4      | Found a white marble altar of Elyvilon.
  5171 | D:4      | Reached skill level 1 in Evocations
  5627 | D:6      | Learned a level 4 spell: Ice Form
  6537 | D:7      | Found an opulent altar of Gozag.
  6553 | D:7      | Reached skill level 1 in Transmutations
  6557 | D:7      | Reached skill level 1 in Ice Magic
  6564 | D:7      | Reached XP level 9. HP: 26/55 MP: 12/12
  6569 | D:7      | Reached skill level 13 in Stealth
  6572 | D:7      | HP: 1/84 [hog (8)]
  6899 | D:7      | Became a worshipper of Gozag Ym Sagoz the Greedy
  7087 | D:7      | Found a staircase to the Ecumenical Temple.
  7282 | D:8      | Found an ornate altar of the Wu Jian Council.
  7872 | D:8      | Reached skill level 1 in Bows
  8759 | D:8      | Noticed minmale's ghost (novice MiBe)
  8937 | D:9      | Noticed minmale's ghost (novice FoFi)
  8981 | D:9      | Reached XP level 10. HP: 53/63 MP: 15/15
  9254 | D:9      | Got a warped whip
  9255 | D:9      | Identified the +8 whip of the Sun {flame, Str+4} (You found it on level 9 of the Dungeon)
  9661 | D:9      | Found a shimmering altar of Xom.
  9662 | D:9      | Found a burning altar of Makhleb.
  9749 | D:10     | Entered Level 10 of the Dungeon
  9868 | D:10     | Reached skill level 1 in Maces & Flails
 11405 | D:8      | Noticed Pikel
 11437 | D:9      | Killed minmale's ghost
 11619 | D:9      | Killed Pikel
 11751 | D:8      | Reached skill level 5 in Spellcasting
 11779 | D:8      | HP: 3/64 [wight/mace (4)]
 12180 | D:8      | Slain by a killer bee

Skill      XL: |  1  2  3  4  5  6  7  8  9 10 |
---------------+-------------------------------+-----
Stealth        | 6 7 8 10 11 12 13 | 13.5
Unarmed Combat | 2 4 |  4.5
Spellcasting   | 2 3 5 |  5.1
Evocations     | 2 3 4 |  4.1
Dodging        | 2 3 4 |  4.0
Transmutations | 1 2 3 |  3.5
Ice Magic      | 1 2 3 |  3.4
Fighting       | 3 4 |  4.4
Short Blades   | 3 |  3.7
Bows           | 1 3 |  3.7
Maces & Flails | 2 |  2.9
Throwing       | |  2.0

Action                   |  1- 3 |  4- 6 |  7- 9 | 10-12 || total
-------------------------+-------+-------+-------+-------++-------
Melee: Dagger            |    65 |    98 |   157 |    16 ||   336
       Tentacles         |     6 |    23 |    53 |    19 ||   101
       Constrict         |    12 |    18 |    34 |    17 ||    81
       Unarmed           |       |       |    58 |       ||    58
       Punch             |       |       |     6 |     3 ||     9
       Whip              |       |       |       |    85 ||    85
 Fire: Blowgun           |       |    10 |       |       ||    10
       Shortbow          |       |       |    32 |    85 ||   117
Throw: Stone             |       |    13 |     7 |       ||    20
Invok: Potion Petition   |       |       |       |     1 ||     1
       Call Merchant     |       |       |       |     1 ||     1
Evoke: Wand              |       |       |    15 |    22 ||    37
  Use: Scroll            |       |     5 |     7 |     5 ||    17
       Potion            |       |     1 |    25 |     2 ||    28
 Stab: Sleeping          |    16 |    10 |    13 |     2 ||    41
       Distracted        |     1 |       |     1 |       ||     2
       Paralysed         |       |       |       |     2 ||     2
  Eat: Chunk             |     1 |     6 |     4 |       ||    11
       Ration            |       |       |     4 |     3 ||     7
Armor: Skin              |     6 |     9 |   116 |     7 ||   138
Dodge: Dodged            |    35 |    58 |   111 |    83 ||   287
